Map: King's Cove LE

Players

LiquidClem (Clem) - Winner!

  • Race: Terran Terran
  • League: Grandmaster
  • Spawn Location: 11:00

SZNightMare (NightMare)

  • Race: Protoss Protoss
  • Spawn Location: 5:00

Event: HomeStory Cup XXVI

VOD

Have the link to the VOD?

Description

Time

  • Played on: Dec. 1, 2024, 8:53 a.m.
  • Length: 9:20

All games in this series

Show
View Real Time Build Order
Export as new Build Order

LiquidClem Terran - Winner!

Build Orders: Reaper Expand 

Get SALT Encoding   

  12  0:00  SCV  
  13  0:12  SCV  
  14  0:17  Supply Depot  
  14  0:24  SCV  
  15  0:39  SCV  
  15  0:41  Barracks  
  16  0:43  Refinery  
  16  0:51  SCV  
  17  1:03  SCV  
  18  1:15  SCV  
  19  1:28  Orbital Command  
  19  1:29  Reaper  
  20  1:40  Command Center  
  20  1:49  Supply Depot  
  20  1:54  SCV  
  20  2:00  Marine  
  22  2:06  SCV  
  23  2:08  Factory  
  23  2:17  Bunker  
  23  2:20  Barracks Reactor  
  23  2:21  SCV  
  24  2:27  Refinery  
  24  2:33  SCV  
  25  2:45  SCV  
  26  2:53  Orbital Command  
  26  2:57  Factory Tech Lab  
  26  2:58  SCV  
  26  2:59  Marine x2  
  28  3:10  SCV  
  29  3:15  Cyclone  
  29  3:17  Supply Depot, Marine x2  
  29  3:18  SCV  
  35  3:22  SCV  
  35  3:26  Starport  
  36  3:31  SCV  
  38  3:34  SCV, Marine  
  38  3:35  Marine  
  40  3:43  SCV  
  40  3:45  Supply Depot  
  40  3:46  SCV  
  42  3:51  Cyclone  
  42  3:52  Marine x2  
  42  3:55  SCV  
  48  3:58  SCV  
  48  4:02  Medivac  
  51  4:07  SCV  
  52  4:10  SCV, Marine x2  
  52  4:13  Barracks  
  55  4:19  SCV  
  55  4:20  Supply Depot  
  55  4:22  SCV  
  57  4:28  Marine x2  
  59  4:31  SCV  
  62  4:40  SCV, Starport Tech Lab  
  62  4:41  Cyclone, Barracks  
  62  4:43  SCV  
  65  4:46  Supply Depot, Marine x2  
  65  4:52  SCV, Engineering Bay  
  67  4:54  Refinery  
  67  4:55  SCV  
  69  5:03  Marine  
  69  5:05  Supply Depot  
  70  5:07  SCV x2, Marine, Starport Reactor  
  70  5:09  Marauder  
  70  5:11  Stimpack  
  75  5:19  SCV x2  
  74  5:24  Terran Infantry Weapons Level 1  
  74  5:26  Marine x2, Refinery  
  72  5:29  Factory Reactor  
  72  5:31  SCV, Marauder  
  72  5:32  SCV  
  72  5:33  Supply Depot  
  73  5:40  Combat Shield  
  73  5:42  Marauder  
  73  5:44  Marine x2  
  74  5:52  Medivac  
  74  5:55  SCV  
  74  5:57  Command Center  
  74  5:58  Marauder  
  74  6:01  Supply Depot  
  74  6:02  SCV, Marine x2  
  79  6:05  Marauder  
  79  6:07  Medivac  
  79  6:08  SCV  
  84  6:14  Widow Mine x2  
  88  6:18  Supply Depot  
  88  6:20  Marine x2, Marauder  
  92  6:26  Marauder  
  92  6:27  Supply Depot, Medivac  
  92  6:32  Barracks  
  96  6:35  Barracks  
  96  6:38  Widow Mine x2  
  100  6:42  Supply Depot, Marine x2  
  100  6:46  Marauder  
  103  6:48  Medivac  
  103  6:53  Supply Depot  
  103  6:54  SCV x2  
  106  6:59  Marauder  
  110  7:01  Widow Mine  
  110  7:03  Widow Mine  
  110  7:07  Marauder  
  114  7:08  Marine x2  
  114  7:12  Medivac  
  114  7:14  SCV  
  118  7:21  Marauder  
  122  7:22  Widow Mine  
  122  7:23  Barracks Tech Lab, Barracks Reactor  
  122  7:24  Widow Mine  
  122  7:26  Marine x2  
  122  7:29  Marauder  
  128  7:31  SCV  
  128  7:36  Medivac  
  122  7:40  Orbital Command  
  122  7:41  SCV  
  122  7:42  Marauder  
  118  7:46  Marine x2, Widow Mine  
  118  7:47  SCV  
  118  7:49  Marauder  
  118  7:50  Marauder  
  126  7:52  Widow Mine  
  126  7:56  Concussive Shells  
  124  8:01  Marine x2  
  124  8:03  SCV  
  124  8:04  SCV, Marauder  
  129  8:06  SCV  
  129  8:07  Marine  
  129  8:08  Marine  
  129  8:10  Marauder  
  130  8:14  Marauder  
  130  8:15  SCV  
  130  8:16  SCV  
  130  8:17  Supply Depot  
  130  8:18  SCV  
  133  8:20  Supply Depot  
  133  8:21  Marine  
  133  8:22  Marine  
  133  8:25  Widow Mine x2  
  139  8:29  Medivac  
  139  8:30  Marauder  
  139  8:31  Ghost Academy  
  139  8:34  SCV x3, Marauder  
  144  8:36  Marine x2  
  144  8:40  Marauder  
  146  8:42  Refinery  
  146  8:44  Marine  
  146  8:45  Marine  
  148  8:52  Marauder  
  148  8:53  Marine  
  148  8:54  Command Center  
  148  8:55  Marauder  
  147  8:58  Widow Mine  
Show
View Real Time Build Order
Export as new Build Order

SZNightMare Protoss 

Build Orders: 1 Gate Expand, Oracle Opening 

Get SALT Encoding   

  12  0:00  Probe  
  13  0:12  Probe  
  14  0:17  Pylon  
  14  0:24  Probe  
  15  0:32  Probe  
  15  0:37  Gateway  
  15  0:40  Probe  
  16  0:47  Assimilator  
  17  0:51  Probe  
  18  1:03  Probe  
  19  1:15  Probe  
  20  1:26  Cybernetics Core  
  20  1:35  Nexus  
  20  1:41  Pylon  
  20  1:44  Probe  
  21  1:49  Assimilator  
  21  1:53  Adept  
  21  1:56  Probe  
  22  2:08  Probe  
  25  2:20  Probe, Stargate  
  26  2:23  Adept  
  28  2:32  Probe  
  29  2:38  Warp Gate  
  29  2:44  Probe  
  29  2:50  Probe  
  30  2:54  Probe  
  29  3:02  Probe  
  29  3:03  Probe  
  29  3:04  Oracle  
  34  3:13  Probe  
  34  3:14  Probe  
  34  3:15  Adept  
  38  3:25  Probe  
  38  3:26  Gateway, Probe  
  40  3:37  Probe  
  40  3:39  Probe  
  42  3:44  Twilight Council  
  42  3:49  Probe  
  42  3:51  Probe  
  42  3:52  Gateway  
  42  3:55  Pylon  
  44  3:57  Assimilator  
  44  4:01  Blink, Phoenix  
  46  4:07  Pylon  
  46  4:13  Probe x2  
  48  4:25  Probe x2  
  48  4:35  Shield Battery  
  48  4:36  Stalker x2  
  52  4:40  Probe x2  
  54  4:46  Pylon  
  54  4:48  Stalker  
  54  4:52  Probe x2  
  58  4:53  Assimilator  
  58  4:57  Pylon  
  58  5:02  Stalker  
  58  5:04  Stalker  
  62  5:12  Stalker  
  65  5:21  Probe x2  
  66  5:33  Probe x2  
  66  5:35  Templar Archives  
  68  5:47  Nexus, Probe x2  
  68  5:48  Pylon  
  70  5:52  Robotics Facility, Psionic Storm  
  70  5:55  Gateway  
  70  6:02  Charge  
  70  6:06  Probe x2  
  72  6:17  Gateway  
  72  6:19  High Templar  
  72  6:20  Gateway  
  75  6:25  Probe x2  
  75  6:28  Pylon  
  75  6:29  Shield Battery  
  75  6:32  Gateway  
  76  6:34  High Templar  
  76  6:39  Probe x2  
  80  6:50  Pylon  
  80  6:51  Forge, Probe x2  
  82  6:55  High Templar  
  82  7:03  Zealot x2  
  82  7:04  Probe x3  
  89  7:11  Observer  
  89  7:14  Zealot  
  89  7:15  Zealot x2  
  95  7:20  Pylon  
  96  7:26  Stalker x3  
  96  7:28  Stalker  
  98  7:31  Probe x2  
  83  7:42  Zealot x3  
  77  7:52  Probe  
  77  7:53  Probe  
  77  7:54  Pylon  
  77  7:57  Zealot, High Templar x2  
  83  7:59  Probe  
  83  8:00  Probe  
  83  8:05  Probe  
  84  8:08  Probe  
  84  8:11  Probe  
  86  8:16  Zealot x3  
  86  8:17  Probe  
  86  8:19  Probe  
  89  8:22  Zealot  
  92  8:29  Zealot x2  
  92  8:31  Probe x3  
  97  8:39  Warp Prism  
  95  8:42  High Templar x2  
  95  8:43  Zealot x2  
  95  8:44  Probe x3  
  95  8:47  Pylon  
  108  8:55  Zealot x2  
  90  9:07  Zealot x2  
Tags
 
Add a new tag
Caveats
  • Supply blocks, unpowered buildings, or Contaminate may cause inaccurate times.
  • Supply counts are checked every 10 seconds.